 Dungeon Crawl Stone Soup version 0.17.0-1-g61d176b (console) character file.

228 gw the Cudgeler (level 5, -15/41 HPs)
             Began as a Demonspawn Gladiator on Nov 7, 2015.
             Demolished by an ogre
             ... wielding a +0 giant club
              (18 damage)
             ... on level 3 of the Dungeon.
             The game lasted 00:03:40 (3002 turns).

gw the Cudgeler (Demonspawn Gladiator)              Turns: 3002, Time: 00:03:40

Health: -15/41     AC:  9    Str: 15    XL:     5   Next: 70%
Magic:  5/5        EV:  7    Int:  9    God:
Gold:   106        SH:  0    Dex: 15    Spells: 0 memorised, 4 levels left

rFire  . . .     SeeInvis .     f - -1 club (curse)
rCold  . . .     Clarity  .     i - +0 chain mail
rNeg   + . .     SustAt   .     (no shield)
rPois  .         Gourm    .     c - +0 helmet
rElec  .         Spirit   .     (no cloak)
rCorr  .         Warding  +     (no gloves)
rMut   .         Stasis   .     (no boots)
MR     .....                    b - amulet of warding
Stlth  ..........               (no ring)
                                (no ring)

@: not resistant to hostile enchantments, extremely unstealthy
A: spiny 1
a: no special abilities


You were on level 3 of the Dungeon.
You were very hungry.

You visited 1 branch of the dungeon, and saw 4 of its levels.

You collected 106 gold pieces.

Inventory:

Hand Weapons
 a - a +0 mace
 f - a cursed -1 club (weapon)
Missiles
 d - 3 throwing nets
 g - 12 bolts
Armour
 c - a +0 helmet (worn)
 i - a +0 chain mail (worn)
Jewellery
 b - an amulet of warding (around neck)
Comestibles
 e - 3 bread rations


   Skills:
 + Level 3.3 Fighting
   Level 2.6 Long Blades
 * Level 3.8 Maces & Flails
 - Level 1.7 Throwing
 + Level 1.7 Armour
 - Level 2.6 Dodging


You had 4 spell levels left.
You didn't know any spells.

Dungeon Overview and Level Annotations

Branches:
Dungeon (4/15)
 Temple: D:4-7

Altars:
Vehumet

Annotations:
D:3 exclusion: downstairs


Innate Abilities, Weirdness & Mutations

You are partially covered in sharp spines.


Message History

Unknown command.
MOVING TO (-4,-2) Unknown command.
Unknown command.
Unknown command.
MOVING TO (-3,-2) Unknown command.
Unknown command.
Unknown command.
MOVING TO (-2,-1) Unknown command.
Unknown command.
Unknown command.
MOVING TO (-1,-1) Unknown command.
Unknown command.
Unknown command.
MOVING TO (6,-7)
The ogre is struck by your spines. The ogre hits you with a giant club!!
You die...

#........##.'...#.........##...
#.######.##.#...####...#####...
#.##.....##.#...'.#......###...
#..#.######>....#...##........#
##.#.....########..........#.## #
#.....#.#......'.....8...##.##
########'#.#[#....#....8.8.......
.............#.#.##...8._.8.#####
..........####.#6##....8.8..# ##
..........# #....O......8.!.# #.
..........# ####...##.)..(.(# #.
..#..[....######......#####.# #.
..+.......##...#.#..#.# #)#####
..#......!##.#.#.####.#####......
..##########.#...# #.....#.#####
..# ###.############.#...# ###
#.............##.###.###


You could see an ogre.

Table legend:
 A = Turns spent in this place as a percentage of turns spent in the entire game.
 B = Non-inter-level travel turns spent in this place as a percentage of non-inter-level travel turns spent in the entire game.
 C = Inter-level travel turns spent in this place as a percentage of turns spent in this place.
 D = Turns resting spent in this place as a percentage of non-inter-level travel turns spent in this place.
 E = Turns spent auto-exploring this place as a percentage of non-inter-level travel turns spent in this place.
 F = Non-inter-level travel turns spent in this place divided by the number of levels of this place that you've seen.
                   A       B       C       D       E      F
               +-------+-------+-------+-------+-------+----------------------
         Total | 100.0 | 100.0 |   0.5 |   0.6 |   2.4 | 1268.2
       Dungeon | 100.0 | 100.0 |   0.5 |   0.6 |   2.4 | 1268.2
               +-------+-------+-------+-------+-------+----------------------

Table legend:
 A = Kills in this place as a percentage of kills in entire the game.
 B = Kills by you in this place as a percentage of kills by you in the entire game.
 C = Kills by friends in this place as a percentage of kills by friends in the entire game.
 D = Other kills in this place as a percentage of other kills in the entire game.
 E = Experience gained in this place as a percentage of experience gained in the entire game.
 F = Experience gained in this place divided by the number of levels of this place that you have seen.
                   A       B       C       D       E      F
               +-------+-------+-------+-------+-------+----------------------
         Total | 100.0 | 100.0 |  -nan |  -nan | 100.0 |  81.5
       Dungeon | 100.0 | 100.0 |  -nan |  -nan | 100.0 |  81.5
               +-------+-------+-------+-------+-------+----------------------

Vanquished Creatures
  Jessica (D:3)
  An iguana (D:3)
  2 worker ants
  6 adders
  An ooze (D:1)
  An adder skeleton (D:4)
  A worm (D:3)
  3 giant geckos
  4 bats
  6 giant cockroaches
  6 goblins
  4 hobgoblins (D:2)
  4 jackals (D:2)
  8 kobolds
  2 quokkas
  A ball python (D:3)
  A giant gecko skeleton (D:4)
  6 giant newts
  A jackal skeleton (D:4)
  6 rats
65 creatures vanquished.

Notes
Turn   | Place    | Note
--------------------------------------------------------------
     0 | D:1      | gw the Demonspawn Gladiator began the quest for the Orb.
     0 | D:1      | Reached XP level 1. HP: 16/16 MP: 1/1
   453 | D:1      | Gained mutation: You are partially covered in sharp spines. [demonic ancestry]
   453 | D:1      | Reached XP level 2. HP: 23/23 MP: 2/2
   623 | D:1      | Reached skill level 1 in Maces & Flails
   887 | D:2      | Reached XP level 3. HP: 28/28 MP: 3/3
  1352 | D:2      | Reached skill level 1 in Armour
  1505 | D:3      | Found a faded altar to an unknown god.
  1568 | D:3      | Found a radiant altar of Vehumet.
  1666 | D:3      | Reached XP level 4. HP: 31/34 MP: 4/4
  1807 | D:3      | Noticed Jessica
  1814 | D:3      | Killed Jessica
  1814 | D:3      | Reached skill level 3 in Fighting
  2209 | D:4      | Noticed a phantom
  2226 | D:3      | Reached XP level 5. HP: 35/41 MP: 5/5
  2913 | D:4      | Noticed an ogre
  2982 | D:3      | HP: 1/41 [ogre/giant club (20)]
  3002 | D:3      | Demolished by an ogre

Action                   |  1- 3 |  4- 6 || total
-------------------------+-------+-------++-------
Melee: Club              |    86 |    47 ||   133
       Long sword        |     3 |       ||     3
  Eat: Chunk             |     3 |     3 ||     6

Vault maps used:
D:1:      lightli_arrival_windingriver
D:3:      vehumet_crystals, ecumenical_altar_2, uniq_jessica
D:4:      first_bread, grunt_ministairs_15
